 Dungeon Crawl Stone Soup version 0.14.0-26-g1682e81 (webtiles) character file.

184330 MrTAteMyBalls the Executioner (level 17, -9/158 HPs)
             Began as a Minotaur Fighter on Apr 25, 2014.
             Was the Champion of Nemelex Xobeh.
             Killed by drain life
             ... invoked by a soul eater
             ... summoned by an orc high priest
              (14 damage)
             ... on Level 4 of the Orcish Mines on Apr 26, 2014.
             The game lasted 01:34:03 (23525 turns).

MrTAteMyBalls the Executioner (Minotaur Fighter)   Turns: 23525, Time: 01:34:04

HP  -9/158       AC 22     Str 22      XL: 17   Next: 72%
MP  19/26        EV  7     Int  8      God: Nemelex Xobeh [******]
Gold 1582        SH  0     Dex 16      Spells:  0 memorised, 16 levels left

rFire  + . .     SeeInvis .     D - +0 battleaxe
rCold  + . .     Clarity  .     S - +2 plate armour {rF+}
rNeg   . . .     Conserve +     (no shield)
rPois  +         rCorr    .     A - +2 hat {Int+3}
rElec  .         rRot     .     h - +0 cloak
SustAb . .       Spirit   .     (no gloves)
rMut   .         Warding  .     (no boots)
Saprov . . .     Stasis   .     P - amulet of conservation
MR     +....                    l - ring of protection from cold
                                b - +0,+9 ring of slaying

@: sage [Air Magic], somewhat resistant to hostile enchantments, extremely
unstealthy
A: retaliatory headbutt, horns 2, poison resistance
a: Draw One, Peek at Two, Triple Draw, Deal Four, Stack Five, Renounce Religion


You were on level 4 of the Orcish Mines.
You worshipped Nemelex Xobeh.
Nemelex Xobeh was exalted by your worship.
You were hungry.

You visited 4 branches of the dungeon, and saw 24 of its levels.
You also visited: Labyrinth and Volcano.

You collected 1669 gold pieces.
You spent 87 gold pieces at shops.

Inventory:

Hand weapons
 a - a +1,+1 war axe of chopping
 D - a +0,+0 battleaxe (weapon)
Missiles
 k - 2 throwing nets (quivered)
Armour
 h - a +0 cloak (worn)
 s - the +3 buckler of Modesty {Dam+3}
   (You acquired it on level 4 of the Dungeon)

   It affects your damage with ranged weapons and melee attacks (+3).
 A - a +2 hat of intelligence (worn)
 R - a +2 buckler of fire resistance
 S - a +2 plate armour of fire resistance (worn)
Comestibles
 d - 13 bread rations
 m - a meat ration
Scrolls
 i - a scroll of blinking
 n - 3 scrolls of identify
 p - a scroll of teleportation
 t - 4 scrolls of remove curse
 T - 3 scrolls of fear
 V - a scroll of fog
Jewellery
 b - a +0,+9 ring of slaying (left hand)
 f - an uncursed ring of see invisible
 l - a ring of protection from cold (right hand)
 w - an uncursed amulet of resist mutation
 J - an uncursed ring of sustenance
 P - an amulet of conservation (around neck)
 Y - an uncursed ring of protection from magic
Potions
 e - 2 potions of might
 g - 5 potions of curing
 B - a potion of invisibility
 E - a potion of resistance
 M - a potion of brilliance
 Q - a potion of berserk rage
Miscellaneous
 c - a legendary deck of escape {Swap, left: 1}
 j - a plain deck of summonings {drawn: 5}
 q - a plain deck of summonings {drawn: 1}
 r - a legendary deck of escape {the Tomb}
 u - an ornate deck of escape {the Tomb}
 v - a legendary deck of escape {Flight, left: 3}
 x - a legendary deck of destruction {drawn: 4}
 y - an ornate deck of changes {drawn: 1}
 z - an ornate deck of summonings {drawn: 2}
 C - a plain deck of destruction
 F - an ornate deck of destruction {drawn: 2}
 G - an ornate deck of defence {drawn: 1}
 H - a legendary deck of destruction {drawn: 1}
 I - a legendary deck of defence {drawn: 2}
 K - a plain deck of war {Venom}
 L - a plain deck of destruction {drawn: 1}
 N - an ornate deck of destruction {drawn: 1}
 W - an ornate deck of destruction {drawn: 1}


   Skills:
 + Level 16.0 Fighting
 * Level 21.5 Axes
 + Level 15.9 Armour
   Level 3.7 Shields
   Level 2.9 Charms
   Level 1.2 Air Magic
 - Level 10.1 Evocations


You had 16 spell levels left.
You didn't know any spells.

Dungeon Overview and Level Annotations

Branches:
Dungeon (11/15)            Temple (1/1) D:5             Orc (4/4) D:11
    Elf (0/3) Orc:4          Lair (8/8) D:8          Shoals (0/5) Lair:4
  Snake (0/5) Lair:4        Slime (0/6) Lair:6

Altars:
Ashenzari
Cheibriados
Dithmenos
Elyvilon
Fedhas
Kikubaaqudgha
Makhleb
Nemelex Xobeh
Okawaru
Sif Muna
Trog
Vehumet
Xom
Yredelemnul
Zin
The Shining One

Shops:
D:4 *   D:5 (   Orc:4 *[:

Portals:
Hell: Lair:8

Annotations:
D:6 Duvessa
D:8 exclusion: oklob sapling
Orc:4 Yermak's ghost, powerful OpAr


Innate Abilities, Weirdness & Mutations

You reflexively headbutt those who attack you in melee.
You have a pair of horns on your head.
Your system is resistant to poisons.


Message History

The soul eater draws from the surrounding life force!
* * * LOW HITPOINT WARNING * * *
The orc priest's eyes start to glow.
The deep elf knight hits you with a short sword.
* * * LOW HITPOINT WARNING * * *
Use which ability? (? or * to list) Draw from which deck? (? for menu, Esc to quit)
You draw Warpwright.
The deep elf knight hits you but does no damage.
The orc priest utters an invocation to Beogh.
You feel troubled.
The orc priest looks braver.
The deep elf knight hits you with a short sword.
* * * LOW HITPOINT WARNING * * *
Use which ability? (? or * to list) Draw from which deck? (? for menu, Esc to quit)
You draw the Tomb.
Walls emerge from the floor!
The soul eater draws from the surrounding life force!
You die...
Your body glows with a rainbow of weird colours and disappears.

...#.......#..............###
#.
....#.................##.##
## ...##................#####
# #.....................#
##...................##
##.#......o.........###
###..........4.......##
##.......4oo#e......#.
##..#..4o43@e>........
##.........#.#....#...
#..................#.#
#.....................
##...................
###....................
#......................
........∩.............
.....................


You could see a soul eater, 2 orc high priests, 3 orange demons, 2 deep elf
knights, a hellwing and 2 orc priests.

Vanquished Creatures
  Gastronok (Orc:2)
  A dire elephant (Lair:8)
  A minotaur (Lab)
  5 hydras
  Fannar (Lair:4)
  4 orc high priests (Orc:4)
  A sun demon (Lair:8)
  An ice devil (Orc:4)
  2 iron trolls (Orc:4)
  A wizard (Lair:8)
  The ghost of Gravenous the Martial Artist, an experienced OpMo (D:8)
  A griffon (D:10)
  An orc knight (D:11)
  2 hill giants (D:11)
  2 cyclopes
  A smoke demon (Lair:8)
  9 elephants
  A sixfirhy (Lair:8)
  5 black mambas
  A gargoyle (D:11)
  12 spiny frogs
  A feature mimic (Lair:8)
  3 orange demons (Lair:8)
  A fire drake (Lair:3)
  A giant firefly (Lair:8)
  4 wandering mushrooms (D:8)
  A red devil (Lair:8)
  A troll (D:8)
  5 blue devils (Lair:8)
  9 komodo dragons
  4 blink frogs
  2 grizzly bears
  A deep elf mage (D:11)
  6 humans (Volcano)
  3 wyverns
  A shadow (D:10)
  2 sharks (Lair:4)
  2 elephant slugs
  A wraith (D:10)
  3 toenail golems (Volcano)
  A warg (Orc:4)
  A spriggan (Lair:2)
  2 steam dragons
  8 ugly things (D:11)
  35 yaks
  2 hungry ghosts (D:7)
  6 hippogriffs
  Menkaure (D:6)
  16 water moccasins
  13 wolves
  2 nagas (Lair:4)
  8 orc warriors
  3 porcupines
  5 ice beasts
  4 sky beasts
  2 black bears
  3 centaurs
  4 ogres
  A boring beetle (Lair:6)
  12 crocodiles
  21 giant slugs
  A big kobold (D:8)
  19 giant frogs
  9 killer bees
  6 scorpions
  2 pulsating lumps (Lair:6)
  2 electric eels
  2 crimson imps
  3 goliath beetles
  Dowan (D:6)
  A centaur zombie (D:8)
  21 orc wizards
  8 hounds
  A jelly (D:11)
  Crazy Yiuf (D:6)
  A centaur skeleton (D:7)
  A gnoll shaman (D:10)
  25 orc priests
  2 big fish
  14 iguanas
  5 worker ants
  An ogre zombie (D:8)
  9 sheep
  28 adders
  3 gnolls (D:10)
  60 green rats
  3 shadow imps
  A giant mite (D:4)
  4 worms
  An adder zombie (D:5)
  An adder skeleton (D:5)
  A giant eyeball (D:6)
  2 orc skeletons
  7 giant geckos
  An ooze (D:7)
  60 orcs
  A bat skeleton (D:4)
  12 goblins
  10 hobgoblins
  7 jackals
  15 quokkas
  12 bats
  8 giant cockroaches
  4 giant newts (D:1)
  A goblin skeleton (D:5)
  A hobgoblin skeleton (D:6)
  15 kobolds
  15 rats
  A butterfly (Lair:3)
  7 fungi
  7 plants
678 creatures vanquished.

Vanquished Creatures (collateral kills)
  An orc high priest (Orc:4)
  A blue devil (Lair:8)
  A crocodile (Lair:7)
  An orc wizard (Orc:4)
  8 orcs (Orc:4)
  A plant (Lair:8)
13 creatures vanquished.

Vanquished Creatures (others)
  A very ugly thing (Lair:8)
  A crimson imp (Orc:4)
  A shadow imp (Orc:4)
  An orc (Orc:4)
  2 fungi
  A plant (Lair:6)
7 creatures vanquished.

Grand Total: 698 creatures vanquished

Notes
Turn   | Place    | Note
--------------------------------------------------------------
     0 | D:1      | MrTAteMyBalls, the Minotaur Fighter, began the quest for the Orb.
     0 | D:1      | Reached XP level 1. HP: 19/19 MP: 1/1
   132 | D:1      | Reached XP level 2. HP: 27/27 MP: 1/1
   635 | D:2      | Reached skill level 4 in Fighting
   635 | D:2      | Reached XP level 3. HP: 31/33 MP: 2/2
  1406 | D:2      | Reached XP level 4. HP: 40/40 MP: 2/2
  1608 | D:2      | Paralysed by a potion of paralysis for 3 turns
  1611 | D:2      | Paralysed by a potion of paralysis for 5 turns
  1870 | D:3      | Gained mutation: You are clumsy. (Dex -2) [potion of mutation]
  1870 | D:3      | Gained mutation: You evolve. [potion of mutation]
  1870 | D:3      | Gained mutation: You are frail (-10% HP). [potion of mutation]
  1895 | D:3      | Found a glowing silver altar of Zin.
  1895 | D:3      | Noticed an angel
  2609 | D:4      | Found Jeijeh's Assorted Antiques.
  2644 | D:4      | Bought a glowing green potion for 27 gold pieces
  2644 | D:4      | Bought a scroll labeled MAIJUE JIEJ for 30 gold pieces
  2644 | D:4      | Bought a scroll labeled THUMES OTREFOM for 30 gold pieces
  2650 | D:4      | Got a shimmering buckler
  2653 | D:4      | Lost mutation: You are frail (-10% HP). [evolution]
  2659 | D:4      | Identified the +3 buckler of Modesty {Dam+3} (You acquired it on level 4 of the Dungeon)
  2869 | D:4      | Reached skill level 5 in Axes
  2869 | D:4      | Reached XP level 5. HP: 35/47 MP: 2/2
  3377 | D:5      | Entered Level 5 of the Dungeon
  3406 | D:5      | Noticed an ice beast
  3416 | D:5      | Killed an ice beast
  3416 | D:5      | Reached skill level 5 in Fighting
  3416 | D:5      | Reached skill level 5 in Armour
  3416 | D:5      | Reached XP level 6. HP: 54/56 MP: 3/3
  3422 | D:5      | Noticed an ogre
  3427 | D:5      | Killed an ogre
  3427 | D:5      | Reached skill level 6 in Axes
  3711 | D:5      | Found Kheilewa's Antique Weapon Shoppe.
  3721 | D:5      | Reached XP level 7. HP: 51/61 MP: 3/3
  3838 | D:5      | Reached skill level 7 in Axes
  3850 | D:5      | Found a staircase to the Ecumenical Temple.
  3856 | Temple   | Entered the Ecumenical Temple
  3913 | Temple   | Became a worshipper of Nemelex Xobeh the Trickster
  4021 | D:5      | Received a gift from Nemelex Xobeh
  4216 | D:5      | Acquired Nemelex Xobeh's first power
  4530 | D:5      | Found an ancient bone altar of Kikubaaqudgha.
  4745 | D:6      | Reached skill level 8 in Axes
  4764 | D:6      | Noticed Menkaure
  4767 | D:6      | Noticed Duvessa
  5043 | D:6      | Killed Menkaure
  5043 | D:6      | Reached XP level 8. HP: 62/71 MP: 3/3
  5384 | D:6      | Paralysed by a giant eyeball for 3 turns
  5391 | D:6      | Paralysed by a giant eyeball for 2 turns
  5408 | D:6      | Noticed Dowan
  5430 | D:6      | Killed Dowan
  5521 | D:6      | Reached skill level 9 in Axes
  5523 | D:6      | Acquired Nemelex Xobeh's second power
  5583 | D:6      | Received a gift from Nemelex Xobeh
  5784 | D:6      | Noticed Crazy Yiuf
  5793 | D:6      | Killed Crazy Yiuf
  6117 | D:7      | Reached skill level 1 in Evocations
  6206 | D:7      | Lost mutation: You are clumsy. (Dex -2) [evolution]
  6206 | D:7      | Lost mutation: You evolve. [end of evolution]
  6275 | D:7      | Reached skill level 10 in Axes
  6343 | D:7      | Reached XP level 9. HP: 57/79 MP: 7/7
  6897 | D:8      | Received a gift from Nemelex Xobeh
  7200 | D:8      | Noticed Gravenous' ghost (experienced OpMo)
  7204 | D:8      | Acquired Nemelex Xobeh's third power
  7233 | D:8      | Killed Gravenous' ghost
  7233 | D:8      | Reached skill level 11 in Axes
  7465 | D:8      | Found a blossoming altar of Fedhas.
  7667 | D:8      | Gained mutation: You are clumsy. (Dex -2) [helix card]
  7680 | D:8      | Reached XP level 10. HP: 86/90 MP: 9/11
  7844 | D:8      | Reached skill level 12 in Axes
  8043 | D:8      | Gained mutation: You have a slow metabolism. [helix card]
  8044 | D:8      | Lost mutation: You are clumsy. (Dex -2) [helix card]
  8190 | D:8      | Received a gift from Nemelex Xobeh
  8247 | D:8      | Found a staircase to the Lair.
  8579 | D:8      | Received a gift from Nemelex Xobeh
  8813 | D:9      | Found a shimmering altar of Xom.
  8823 | D:9      | Reached skill level 5 in Evocations
  8862 | D:9      | Found a blossoming altar of Fedhas.
  9006 | D:10     | Entered Level 10 of the Dungeon
  9108 | D:10     | Received a gift from Nemelex Xobeh
  9138 | D:10     | Acquired Nemelex Xobeh's fourth power
  9318 | D:10     | Noticed a griffon
  9326 | D:10     | Killed a griffon
  9326 | D:10     | Reached skill level 13 in Axes
  9530 | D:10     | Received a gift from Nemelex Xobeh
  9698 | D:10     | Identified the Compendium of Moulding
  9743 | D:10     | Acquired Nemelex Xobeh's fifth power
  9847 | D:11     | Noticed a hill giant
  9853 | D:11     | Killed a hill giant
  9853 | D:11     | Reached skill level 10 in Fighting
  9853 | D:11     | Reached XP level 11. HP: 57/99 MP: 15/15
 10055 | D:11     | Reached skill level 10 in Armour
 10078 | D:11     | Noticed a cyclops
 10108 | D:11     | Killed a cyclops
 10133 | D:11     | Received a gift from Nemelex Xobeh
 10423 | D:11     | Noticed a hill giant
 10430 | D:11     | Killed a hill giant
 10616 | D:11     | Reached skill level 14 in Axes
 10955 | D:11     | Found a staircase to the Orcish Mines.
 11182 | Lair:1   | Entered Level 1 of the Lair of Beasts
 11300 | Lair:1   | Identified the Tome of Supportive Aid
 11545 | Lair:1   | Received a gift from Nemelex Xobeh
 12501 | Lair:2   | Noticed a five-headed hydra
 12506 | Lair:2   | Killed a five-headed hydra
 12571 | Lair:2   | Found a labyrinth entrance.
 12595 | Lair:2   | Reached skill level 15 in Axes
 12595 | Lair:2   | Reached XP level 12. HP: 97/110 MP: 19/19
 12605 | Lab      | Entered a labyrinth
 12799 | Lab      | Noticed a minotaur
 12811 | Lab      | Killed a minotaur
 12816 | Lab      | Received a gift from Nemelex Xobeh
 13090 | Lair:2   | Reached skill level 16 in Axes
 13090 | Lair:2   | Reached XP level 13. HP: 115/119 MP: 17/20
 13091 | Lair:2   | Lost mutation: You have a slow metabolism. [helix card]
 13093 | Lair:2   | Gained mutation: You are dopey. (Int -2) [helix card]
 13102 | Lair:2   | Lost mutation: You are dopey. (Int -2) [potion of cure mutation]
 13590 | Lair:2   | Upgraded the game from 0.14.0-25-g43f8a4e to 0.14.0-26-g1682e81
 13686 | Lair:3   | Received a gift from Nemelex Xobeh
 13785 | Lair:3   | Reached skill level 1 in Charms
 14005 | Lair:3   | Received a gift from Nemelex Xobeh
 14330 | Lair:3   | Found a dark tunnel.
 14338 | Volcano  | Entered a volcano
 14458 | Volcano  | Received a gift from Nemelex Xobeh
 14970 | Lair:4   | Noticed Fannar
 14991 | Lair:4   | Killed Fannar
 14991 | Lair:4   | Reached skill level 17 in Axes
 15110 | Lair:4   | Found a radiant altar of Vehumet.
 15615 | Lair:4   | Received a gift from Nemelex Xobeh
 15621 | Lair:4   | Found a staircase to the Snake Pit.
 15871 | Lair:4   | Received a gift from Nemelex Xobeh
 15894 | Lair:4   | Found a staircase to the Shoals.
 16441 | Lair:5   | Received a gift from Nemelex Xobeh
 17101 | Lair:6   | Received a gift from Nemelex Xobeh
 17642 | Lair:6   | Found a staircase to the Slime Pits.
 18316 | Lair:7   | Reached XP level 14. HP: 127/129 MP: 22/22
 18333 | Lair:7   | Received a gift from Nemelex Xobeh
 18418 | Lair:7   | Reached skill level 18 in Axes
 18823 | Lair:7   | Received a gift from Nemelex Xobeh
 18973 | Lair:7   | Reached skill level 10 in Evocations
 18973 | Lair:7   | Reached XP level 15. HP: 117/138 MP: 14/25
 18974 | Lair:7   | Reached skill level 19 in Axes
 18974 | Lair:7   | Reached XP level 16. HP: 123/147 MP: 13/25
 19276 | Lair:8   | Entered Level 8 of the Lair of Beasts
 19360 | Lair:8   | Gained mutation: You heal slowly when monsters are visible. [potion of mutation]
 19360 | Lair:8   | Gained mutation: Your body is slowly deteriorating. [potion of mutation]
 19360 | Lair:8   | Gained mutation: You have a fast metabolism. [potion of mutation]
 19361 | Lair:8   | Lost mutation: You have a fast metabolism. [potion of cure mutation]
 19361 | Lair:8   | Lost mutation: Your body is slowly deteriorating. [potion of cure mutation]
 19361 | Lair:8   | Lost mutation: You heal slowly when monsters are visible. [potion of cure mutation]
 19549 | Lair:8   | Received a gift from Nemelex Xobeh
 19582 | Lair:8   | Found a snail-covered altar of Cheibriados.
 20339 | Lair:8   | Reached skill level 20 in Axes
 20342 | Lair:8   | Found a burning altar of Makhleb.
 20355 | Lair:8   | Received a gift from Nemelex Xobeh
 20355 | Lair:8   | Noticed a bone dragon
 20424 | Lair:8   | Reached skill level 15 in Fighting
 21097 | Lair:8   | Found a gateway to Hell.
 21123 | Lair:8   | Got a scintillating pewter ring
 21130 | Lair:8   | Identified the ring of Bianowej {+cTele Hunger Acc+3} (You found it on level 8 of the Lair of Beasts)
 21732 | Orc:1    | Entered Level 1 of the Orcish Mines
 21743 | D:11     | Received a gift from Nemelex Xobeh
 21749 | D:11     | Gained mutation: You are resistant to hostile enchantments. [helix card]
 21750 | D:11     | Reached skill level 15 in Armour
 21750 | D:11     | Reached XP level 17. HP: 138/156 MP: 23/26
 22011 | Orc:3    | Noticed Gastronok
 22019 | Orc:2    | Killed Gastronok
 22222 | Orc:4    | Entered Level 4 of the Orcish Mines
 22222 | Orc:4    | Found a staircase to the Elven Halls.
 22337 | Orc:3    | Received a gift from Nemelex Xobeh
 22426 | Orc:4    | Lost mutation: You are resistant to hostile enchantments. [helix card]
 22426 | Orc:4    | Gained mutation: Your system is resistant to poisons. [helix card]
 22445 | Orc:3    | Gained mutation: You are frail (-10% HP). [helix card]
 22446 | Orc:3    | Lost mutation: You are frail (-10% HP). [helix card]
 22449 | Orc:3    | Reached skill level 21 in Axes
 22535 | Orc:4    | Found Jucuef's Assorted Antiques.
 22550 | Orc:4    | Received a gift from Nemelex Xobeh
 23075 | Orc:4    | Received a gift from Nemelex Xobeh
 23441 | Orc:4    | Found Psuttyawn's Armour Boutique.
 23441 | Orc:4    | Found Jaaskun's Book Emporium.
 23442 | Orc:4    | Noticed Yermak's ghost (powerful OpAr)
 23455 | Orc:4    | Received a gift from Nemelex Xobeh
 23463 | Orc:4    | Reached skill level 1 in Air Magic
 23524 | Orc:4    | HP: 5/158 [deep elf knight/short sword (5)]
 23525 | Orc:4    | Killed from afar by a soul eater

Action                   |  1- 3 |  4- 6 |  7- 9 | 10-12 | 13-15 | 16-18 || total
-------------------------+-------+-------+-------+-------+-------+-------++-------
Melee: War axe           |    69 |   114 |   278 |   315 |   504 |   258 ||  1538
       Battleaxe         |       |       |       |       |       |    15 ||    15
Invok: Draw One          |       |       |     5 |    21 |    28 |    32 ||    86
       Triple Draw       |       |       |     3 |     3 |     5 |     6 ||    17
       Stack Five        |       |       |       |       |       |     4 ||     4
  Use: Scroll            |     5 |     9 |     4 |     6 |     7 |     5 ||    36
       Potion            |       |     9 |     2 |     2 |     4 |     8 ||    25
 Stab: Fleeing           |       |       |       |     1 |       |       ||     1
       Invisible         |       |       |       |       |     1 |       ||     1
